3AAA
AUGUSTA TIMBER HAWKS @ ALASKAN HUMPBACKS
09/04/2031
 
TOP OF THE 1ST
Augusta Timber Hawks batting - Pitching for Alaskan Humpbacks : LHP Hervé Favier
Pitching: LHP Hervé Favier
Batting: RHB Kenny Fleming 0-0: Called Strike
0-1: Ball
1-1: Called Strike
1-2: Strikes out swinging
Batting: LHB José Pérez 0-0: Ball
1-0: Ball
2-0: Ball
3-0: Called Strike
3-1: Base on Balls
Batting: SHB Yun-qi Chien 0-0: Ball
1-0: Ball
José Pérez steals 2nd base
2-0: Called Strike
2-1: Called Strike
2-2: Ground out 4-3 (Groundball, 4)
José Pérez to third
Batting: RHB David Martínez 0-0: Swinging Strike
0-1: Called Strike
0-2: Foul Ball, location: 2F
0-2: Ball
1-2: Ball
2-2: Ball
3-2: DOUBLE (Line Drive, 7LS)
José Pérez scores
Batting: RHB Bogumil Tiwontschik 0-0: Called Strike
0-1: Fly out, F6 (Line Drive, 6)
Top of the 1st over - 1 run, 1 hit, 0 errors, 1 left on base; Augusta 1 - Alaskan 0
BOTTOM OF THE 1ST
Alaskan Humpbacks batting - Pitching for Augusta Timber Hawks : RHP Gary Mason
Pitching: RHP Gary Mason
Batting: LHB Tim Stinson 0-0: Ball
1-0: Fly out, F7 (Flyball, 78XD)
Batting: LHB Craig Morgan 0-0: Called Strike
0-1: Called Strike
0-2: SOLO HOME RUN (Flyball, 9D), Distance : 367 ft
Batting: RHB Doug Allerdale 0-0: Ball
1-0: Ball
2-0: Ball
3-0: Called Strike
3-1: Base on Balls
Batting: LHB Danny Trautmann 0-0: Called Strike
0-1: SINGLE (Line Drive, 9LS)
Doug Allerdale to second
Batting: RHB Edgar Baeza 0-0: Ball
1-0: Ball
Passed Ball!
Doug Allerdale to third
Danny Trautmann to second
2-0: Ball
3-0: Base on Balls
Batting: RHB Jesús Torres 0-0: Called Strike
0-1: SINGLE (Line Drive, 9LS)
Doug Allerdale scores
Danny Trautmann to third
Edgar Baeza to second
Batting: LHB Dallas Ihde 0-0: Called Strike
0-1: Ball
1-1: Foul Ball, location: 2F
1-2: Foul Ball, location: 2F
1-2: Foul Ball, location: 2F
1-2: Ball
2-2: Ball
3-2: SINGLE (Line Drive, 8LS)
Danny Trautmann scores
Edgar Baeza to third
Jesús Torres to second
Runner from 3rd tries for Home, SAFE, no throw
Batting: RHB Wally Briggs 0-0: Foul Ball, location: 2F
0-1: Swinging Strike
0-2: Ball
1-2: Ball
2-2: Strikes out swinging
Batting: RHB Jean Chamissa 0-0: Fly out, F8 (Flyball, 8RD)
Bottom of the 1st over - 4 runs, 4 hits, 0 errors, 2 left on base; Augusta 1 - Alaskan 4
TOP OF THE 2ND
Augusta Timber Hawks batting - Pitching for Alaskan Humpbacks : LHP Hervé Favier
Batting: RHB Uchino Akahito 0-0: Ball
1-0: Called Strike
1-1: Ball
2-1: Ball
3-1: Base on Balls
Batting: RHB Jaime Cruz 0-0: Fly out, F4 (Popup, 34)
Batting: LHB Fa-tang Wang 0-0: SINGLE (Line Drive, 56S)
Uchino Akahito to second
Batting: LHB Seung-soo Ch'ae 0-0: Ground out 5-3 (Groundball, 56S)
Uchino Akahito to third
Fa-tang Wang to second
Batting: RHB Kenny Fleming 0-0: Fly out, F8 (Flyball, 8LD)
Top of the 2nd over - 0 runs, 1 hit, 0 errors, 2 left on base; Augusta 1 - Alaskan 4
BOTTOM OF THE 2ND
Alaskan Humpbacks batting - Pitching for Augusta Timber Hawks : RHP Gary Mason
Batting: LHB Tim Stinson 0-0: Called Strike
0-1: Fly out, F5 (Popup, 25)
Batting: LHB Craig Morgan 0-0: Called Strike
0-1: Ball
1-1: Swinging Strike
1-2: Ground out 4-3 (Groundball, 4S)
Batting: RHB Doug Allerdale 0-0: Ball
1-0: Foul Ball, location: 2F
1-1: Called Strike
1-2: Strikes out swinging
Bottom of the 2nd over - 0 runs, 0 hits, 0 errors, 0 left on base; Augusta 1 - Alaskan 4
TOP OF THE 3RD
Augusta Timber Hawks batting - Pitching for Alaskan Humpbacks : LHP Hervé Favier
Batting: LHB José Pérez 0-0: Ball
1-0: Ground out 6-3 (Groundball, 6)
Batting: SHB Yun-qi Chien 0-0: Ball
1-0: Ground out 4-3 (Groundball, 4M)
Batting: RHB David Martínez 0-0: SINGLE (Flyball, 7LM)
Batting: RHB Bogumil Tiwontschik 0-0: Foul Ball, location: 2F
0-1: Ball
1-1: Foul Ball, location: 2F
1-2: Ball
2-2: SINGLE (Groundball, 6MS) (infield hit)
David Martínez to second
Batting: RHB Uchino Akahito 0-0: Called Strike
0-1: Called Strike
0-2: Ball
1-2: Ball
2-2: Foul Ball, location: 2F
2-2: Strikes out swinging
Top of the 3rd over - 0 runs, 2 hits, 0 errors, 2 left on base; Augusta 1 - Alaskan 4
BOTTOM OF THE 3RD
Alaskan Humpbacks batting - Pitching for Augusta Timber Hawks : RHP Gary Mason
Batting: LHB Danny Trautmann 0-0: Called Strike
0-1: Fly out, F8 (Flyball, 8RM)
Batting: RHB Edgar Baeza 0-0: Foul Ball, location: 2F
0-1: Ball
1-1: Foul Ball, location: 2F
1-2: Strikes out swinging
Batting: RHB Jesús Torres 0-0: Ball
1-0: Ball
2-0: Called Strike
2-1: Foul Ball, location: 2F
2-2: SINGLE (Groundball, 15S) (infield hit)
Batting: LHB Dallas Ihde 0-0: Ball
Jesús Torres is caught stealing 2nd base
Bottom of the 3rd over - 0 runs, 1 hit, 0 errors, 0 left on base; Augusta 1 - Alaskan 4
TOP OF THE 4TH
Augusta Timber Hawks batting - Pitching for Alaskan Humpbacks : LHP Hervé Favier
Batting: RHB Jaime Cruz 0-0: Ball
1-0: Called Strike
1-1: Ball
2-1: Foul Ball, location: 2F
2-2: Foul Ball, location: 2F
2-2: Strikes out swinging
Batting: LHB Fa-tang Wang 0-0: Ball
1-0: Fly out, F7 (Flyball, 78D)
Batting: LHB Seung-soo Ch'ae 0-0: Ball
1-0: Foul Ball, location: 2F
1-1: Swinging Strike
1-2: Foul Ball, location: 2F
1-2: Ball
2-2: Strikes out swinging
Top of the 4th over - 0 runs, 0 hits, 0 errors, 0 left on base; Augusta 1 - Alaskan 4
BOTTOM OF THE 4TH
Alaskan Humpbacks batting - Pitching for Augusta Timber Hawks : RHP Gary Mason
Batting: LHB Dallas Ihde 0-0: Ball
1-0: Swinging Strike
1-1: Ball
2-1: Fly out, F7 (Flyball, 78M)
Batting: RHB Wally Briggs 0-0: Fly out, F7 (Line Drive, 7)
Batting: RHB Jean Chamissa 0-0: Fly out, F9 (Flyball, 9)
Bottom of the 4th over - 0 runs, 0 hits, 0 errors, 0 left on base; Augusta 1 - Alaskan 4
TOP OF THE 5TH
Augusta Timber Hawks batting - Pitching for Alaskan Humpbacks : LHP Hervé Favier
Batting: RHB Kenny Fleming 0-0: Ball
1-0: Foul Ball, location: 2F
1-1: Ball
2-1: Called Strike
2-2: Ball
3-2: Base on Balls
Batting: LHB José Pérez 0-0: Ball
Kenny Fleming steals 2nd base
1-0: Fly out, F8 (Flyball, 89D)
Runner from 2nd tags up, SAFE at 3rd, no throw
Batting: SHB Yun-qi Chien 0-0: SINGLE (Line Drive, 4D)
Kenny Fleming scores
Batting: RHB David Martínez 0-0: Ball
1-0: Ball
2-0: Called Strike
2-1: Fly out, F8 (Flyball, 8LS)
Batting: RHB Bogumil Tiwontschik 0-0: Called Strike
0-1: SINGLE (Line Drive, 78S)
Yun-qi Chien to second
Batting: RHB Uchino Akahito 0-0: Foul Ball, location: 2F
0-1: Foul Ball, location: 2F
0-2: Ball
1-2: Strikes out swinging
Top of the 5th over - 1 run, 2 hits, 0 errors, 2 left on base; Augusta 2 - Alaskan 4
BOTTOM OF THE 5TH
Alaskan Humpbacks batting - Pitching for Augusta Timber Hawks : RHP Gary Mason
Batting: LHB Tim Stinson 0-0: Fly out, F8 (Flyball, 8RXD)
Batting: LHB Craig Morgan 0-0: Ball
1-0: Ground out 3-1 (Groundball, 34)
Batting: RHB Doug Allerdale 0-0: Fly out, F7 (Flyball, 7)
Bottom of the 5th over - 0 runs, 0 hits, 0 errors, 0 left on base; Augusta 2 - Alaskan 4
TOP OF THE 6TH
Augusta Timber Hawks batting - Pitching for Alaskan Humpbacks : LHP Hervé Favier
Batting: RHB Jaime Cruz 0-0: Swinging Strike
0-1: Ball
1-1: Ball
2-1: SINGLE (Groundball, 56D)
Batting: LHB Fa-tang Wang 0-0: Ball
Jaime Cruz steals 2nd base
1-0: Fly out, F8 (Flyball, 8LXD)
Runner from 2nd tags up, SAFE at 3rd, no throw
Batting: LHB Seung-soo Ch'ae 0-0: Foul Ball, location: 2F
0-1: Ball
1-1: Ball
2-1: Foul Ball, location: 2F
2-2: Strikes out swinging
Batting: RHB Kenny Fleming 0-0: Foul Ball, location: 2F
0-1: Ball
1-1: Swinging Strike
1-2: Ball
2-2: Foul Ball, location: 2F
2-2: Ball
3-2: Base on Balls
Batting: LHB José Pérez 0-0: Ball
1-0: Ball
2-0: Called Strike
2-1: Ground out 4-3 (Groundball, 4)
Top of the 6th over - 0 runs, 1 hit, 0 errors, 2 left on base; Augusta 2 - Alaskan 4
BOTTOM OF THE 6TH
Alaskan Humpbacks batting - Pitching for Augusta Timber Hawks : RHP Gary Mason
Batting: LHB Danny Trautmann 0-0: Ball
1-0: Foul Ball, location: 2F
1-1: Ground out 5-3 (Groundball, 56)
Batting: RHB Edgar Baeza 0-0: SINGLE (Line Drive, 6D)
Batting: RHB Jesús Torres 0-0: Ball
1-0: Foul Ball, location: 2F
1-1: Ball
2-1: Ball
3-1: SINGLE (Line Drive, 34)
Edgar Baeza to second
Pitching: RHP Preston Vick
Batting: LHB Dallas Ihde 0-0: Ball
1-0: Swinging Strike
1-1: Ball
2-1: Ball
3-1: Base on Balls
Edgar Baeza to third
Jesús Torres to second
Batting: RHB Wally Briggs 0-0: Ball
1-0: Called Strike
1-1: Ball
2-1: Grounds into fielders choice 4-2 (Groundball, 4)
Jesús Torres to third
Dallas Ihde to second
Batting: RHB Jean Chamissa 0-0: Ball
1-0: Called Strike
1-1: Foul Ball, location: 2F
1-2: Ball
2-2: Foul Ball, location: 2F
2-2: SINGLE (Groundball, 4D)
Jesús Torres scores
Dallas Ihde to third
Wally Briggs to second
Runner from 3rd tries for Home, SAFE, no throw
Batting: LHB Tim Stinson 0-0: Foul Ball, location: 2F
0-1: Ball
1-1: Ball
2-1: Foul Ball, location: 2F
2-2: Ball
3-2: Base on Balls
Wally Briggs to third
Jean Chamissa to second
Batting: LHB Craig Morgan 0-0: Fly out, F7 (Flyball, 7LSF)
Bottom of the 6th over - 2 runs, 3 hits, 0 errors, 3 left on base; Augusta 2 - Alaskan 6
TOP OF THE 7TH
Augusta Timber Hawks batting - Pitching for Alaskan Humpbacks : LHP Hervé Favier
Batting: SHB Yun-qi Chien 0-0: Swinging Strike
0-1: Called Strike
0-2: Ball
1-2: Ball
2-2: Strikes out looking
Batting: RHB David Martínez 0-0: Called Strike
0-1: Ball
1-1: Swinging Strike
1-2: Fly out, F7 (Flyball, 7)
Batting: RHB Bogumil Tiwontschik 0-0: Ball
1-0: Fly out, F8 (Flyball, 78D)
Top of the 7th over - 0 runs, 0 hits, 0 errors, 0 left on base; Augusta 2 - Alaskan 6
BOTTOM OF THE 7TH
Alaskan Humpbacks batting - Pitching for Augusta Timber Hawks : RHP Preston Vick
Batting: RHB Doug Allerdale 0-0: Ball
1-0: Fly out, F8 (Flyball, 8LS)
Batting: LHB Danny Trautmann 0-0: Called Strike
0-1: Swinging Strike
0-2: Ground out 5-3 (Groundball, 56S)
Batting: RHB Edgar Baeza 0-0: Ball
1-0: Swinging Strike
1-1: Fly out, F7 (Flyball, 7D)
Bottom of the 7th over - 0 runs, 0 hits, 0 errors, 0 left on base; Augusta 2 - Alaskan 6
TOP OF THE 8TH
Augusta Timber Hawks batting - Pitching for Alaskan Humpbacks : LHP Hervé Favier
Batting: RHB Uchino Akahito 0-0: Ball
1-0: Foul Ball, location: 2F
1-1: Ball
2-1: Called Strike
2-2: Strikes out looking
Batting: RHB Jaime Cruz 0-0: Ball
1-0: Ball
2-0: Called Strike
2-1: Ground out 6-3 (Groundball, 6)
Batting: LHB Fa-tang Wang 0-0: Ground out 6-3 (Groundball, 6M)
Top of the 8th over - 0 runs, 0 hits, 0 errors, 0 left on base; Augusta 2 - Alaskan 6
BOTTOM OF THE 8TH
Alaskan Humpbacks batting - Pitching for Augusta Timber Hawks : RHP Preston Vick
Batting: RHB Jesús Torres 0-0: Ball
1-0: Called Strike
1-1: Ball
2-1: Called Strike
2-2: Ball
3-2: Base on Balls
Batting: LHB Dallas Ihde 0-0: Ball
1-0: Fly out, F7 (Line Drive, 7S)
Batting: RHB Wally Briggs 0-0: Swinging Strike
0-1: Ball
1-1: Grounds into double play, 6-4-3 (Groundball, 6)
Bottom of the 8th over - 0 runs, 0 hits, 0 errors, 0 left on base; Augusta 2 - Alaskan 6
TOP OF THE 9TH
Augusta Timber Hawks batting - Pitching for Alaskan Humpbacks : LHP Hervé Favier
Batting: LHB Seung-soo Ch'ae 0-0: Ball
1-0: Foul Ball, location: 2F
1-1: Foul Ball, location: 2F
1-2: Reached on error, E5 (Groundball, 56S)
Batting: RHB Kenny Fleming 0-0: Called Strike
0-1: Called Strike
0-2: Strikes out swinging
Batting: LHB José Pérez 0-0: Ball
1-0: Fly out, F7 (Flyball, 7)
Batting: SHB Yun-qi Chien 0-0: SINGLE (Line Drive, 5D)
Seung-soo Ch'ae to third
Batting: RHB David Martínez 0-0: Ball
1-0: Ball
2-0: Ball
3-0: Called Strike
3-1: Called Strike
3-2: Base on Balls
Yun-qi Chien to second
Pitching: RHP Delano Turnipseed
Batting: RHB Bogumil Tiwontschik 0-0: Ball
1-0: Fly out, F8 (Flyball, 8RM)
Top of the 9th over - 0 runs, 1 hit, 1 error, 3 left on base; Augusta 2 - Alaskan 6
Tuesday, June 12th, 2018 - OOTP Baseball 18.8 Build 76